 Dungeon Crawl Stone Soup version 0.28-a0-726-g4a9143789a (webtiles) character file.

Game seed: 13864913923427222367

30 lunkers the Skirmisher (level 3, -4/30 HPs)
             Began as a Djinni Cinder Acolyte on Oct 27, 2021.
             Was a High Priest of Ignis.
             Slain by a gnoll (5 damage)
             ... on level 1 of the Dungeon.
             The game lasted 00:01:45 (1089 turns).

lunkers the Skirmisher (Djinni Cinder Acolyte)      Turns: 1089, Time: 00:01:46

Health: -4/30      AC:  2    Str: 13    XL:     3   Next: 37%
Gold:   42         EV: 11    Int: 16    God:    Ignis [*****.] SH:  0 Dex:  8

rFire   + + +      SeeInvis .   a - -1 falchion (flame)
rCold   x . .      Faith    .   (no shield)
rNeg    . . .      Spirit   .   b - +0 robe
rPois   ∞          Reflect  .   (no helmet)
rElec   .          Harm     .   (no cloak)
rCorr   .          Rampage  .   (no gloves)
Will    .....                   (boots unavailable)
Stlth   +.........              (no amulet)
HPRegen 0.10/turn               (no ring)
MPRegen 0.00/turn               (no ring)

@: flying, very slightly contaminated
A: sickness immunity, fire resistance 2, cold vulnerability 1, float, innate
caster, hp casting, extra vitality 1
a: Renounce Religion, Sea of Fire, Foxfire Swarm, Rising Flame


You were on level 1 of the Dungeon.
You worshipped Ignis.
Ignis was extremely pleased with you.
You visited 1 branch of the dungeon, and saw 2 of its levels.

You collected 42 gold pieces.

Inventory:

Hand Weapons
 a - a -1 falchion of flaming (weapon)
Armour
 b - a +0 robe (worn)
Scrolls
 c - a scroll of teleportation {unknown}
 d - a scroll of immolation {unknown}
 f - a scroll of fog {unknown}
 g - a scroll of identify {unknown}
Potions
 e - a potion of ambrosia {unknown}
 h - a potion of mutation {unknown}


   Skills:
 + Level 3.4 Fighting
 - Level 2.6 Long Blades
 * Level 3.1 Spellcasting


You had 5 spell levels left.
You knew the following spells:

 Your Spells              Type           Power      Damage    Failure   Level
a - Freeze                Ice            48%        1d7       5%          1
p - Scorch                Fire           24%        2d6       8%          2
Your spell library was empty.

Dungeon Overview and Level Annotations

Branches:
Dungeon (2/15)

Altars:


Innate Abilities, Weirdness & Mutations

You are immune to sickness and miasma.
You are immune to poison.
Your flesh is very heat resistant. (rF++)
You are vulnerable to cold. (rC-)
You float through the air rather than walking.
You learn spells naturally, not from books.
Your magical power is your life essence.
You have superior vitality. (+4 HP)


Message History

* * * LOW HITPOINT WARNING * * *
The rat bites you.
* * * LOW HITPOINT WARNING * * *
Casting: Scorch (safe; 8% risk of failure)
Press: ? - help, Q - select action, (/) - cycle Dir - look around, f - activate Flames lash the rat.
You kill the rat!
* * * LOW HITPOINT WARNING * * *
Unknown command.
There is a staircase leading out of the dungeon here.
Casting: Scorch (safe; 8% risk of failure)
Press: ? - help, Q - select action, (/) - cycle Dir - look around, f - activate Flames lash the gnoll.
The gnoll is heavily wounded.
The gnoll's fire resistance burns away.
* * * LOW HITPOINT WARNING * * *
The gnoll barely misses you.
Unknown command.
Casting: Scorch (safe; 8% risk of failure)
Press: ? - help, Q - select action, (/) - cycle Dir - look around, f - activate Flames lash the goblin.
You kill the goblin!
* * * LOW HITPOINT WARNING * * *
The gnoll closely misses you.
Unknown command.
Casting: Scorch (safe; 8% risk of failure)
Press: ? - help, Q - select action, (/) - cycle Dir - look around, f - activate Flames lash the gnoll.
The gnoll is burned terribly!
The gnoll is severely wounded.
* * * LOW HITPOINT WARNING * * *
The gnoll closely misses you.
Unknown command.
Casting: Scorch (safe; 8% risk of failure)
Press: ? - help, Q - select action, (/) - cycle Dir - look around, f - activate You miscast Scorch.
You are very lightly contaminated with residual magic.
Nothing appears to happen.
* * * LOW HITPOINT WARNING * * *
The gnoll hits you with a +0 whip.
You die...

#.#..............##########.#####
............##.#.### #.#
.##.##.............# #g#
.##.####.....#.#.#.# #.#
.##.###........#.#.# #.#
.##.#.........(#.#.########.#
.##.#.#.....................#
.##>#.##..(...(..........####
.##.#.#.....##.#@#.#####.#
.##.#.#.######.#g#.# #g#
.##.#.#^## #.#.#.# #.#
....#....#####.#)#.#####.#
##............>..........####
#.##....####.##............#####
#.##.#.## #.##.....#####......#
#.##.#.# #.##.....#######....#
#......## #.##.#......####...##


You could see a gnoll (combustible).

Vanquished Creatures
  A gnoll (D:2)
  A dart slug (D:1)
  A ball python (D:1)
  2 goblins (D:1)
  4 hobgoblins (D:1)
  2 quokkas (D:1)
  2 frilled lizards (D:1)
  3 kobolds (D:1)
  2 rats (D:1)
18 creatures vanquished.

Notes
Turn   | Place    | Note
-------+----------+-------------------------------------------
     0 | D:1      | lunkers the Djinni Cinder Acolyte began the quest for the
                  | Orb.
     0 | D:1      | Reached XP level 1. HP: 20/20 MP: 0/0
   268 | D:1      | Reached XP level 2. HP: 25/25 MP: 0/0
  1018 | D:2      | Reached XP level 3. HP: 15/30 MP: 0/0
  1018 | D:2      | Learned a level 1 spell: Freeze
  1089 | D:1      | Slain by a gnoll

Illustrated notes

Levels and vault maps discovered:
D:1:      amcnicky_arrival_double_pillar, layout_loops_ring,
          chequers_serial_rivers_small_b, minmay_curled_crystal,
          kennysheep_doodads
D:2:      layout_rooms

Skill      XL: |  1  2 |
---------------+-------+-----
Spellcasting   | 3 |  3.1
Fighting       | |  3.4
Long Blades    | |  2.6

Action                   || total
-------------------------++-------
Melee: Falchion          ||    44
 Cast: Scorch            ||     7
Armor: Robe              ||    10
Dodge: Dodged            ||    28

Table legend: (Time is in decaauts)
 A = Elapsed time spent in this place.
 B = Non-inter-level travel time spent in this place.
 C = Inter-level travel time spent in this place.
 D = Time resting spent in this place.
 E = Time spent auto-exploring this place.
 F = Levels seen in this place.
 G = Mean time per level.
                   A        B        C        D        E       F      G
               +--------+--------+--------+--------+--------+-----+--------+
         Total |   1096 |   1065 |     31 |      0 |    874 |   2 |  548.0 |
       Dungeon |   1096 |   1065 |     31 |      0 |    874 |   2 |  548.0 |
               +--------+--------+--------+--------+--------+-----+--------+

Top non-repeatable levels by time:
     D:1: 1087 daAuts
     D:2: 8 daAuts
